 Dungeon Crawl Stone Soup version 0.31-a0-1164-geb876a39b7 (webtiles) character file.

Game seed: 13119034169280002022

165 graki42 the Trooper (level 5, -9/47 HPs)
             Began as a Hill Orc Fighter on Dec 9, 2023.
             Killed by divine providence
             ... invoked by an orc priest
              (11 damage)
             ... on level 3 of the Dungeon.
             The game lasted 00:03:22 (2428 turns).

graki42 the Trooper (Hill Orc Fighter)              Turns: 2428, Time: 00:03:23

Health: -9/47      AC:  8    Str: 21    XL:     5   Next: 46%
Magic:  0/5        EV:  9    Int:  8    God:
Gold:   156        SH:  4    Dex: 10    Spells: 4/4 levels left

rFire   . . .        a - +0 war axe
rCold   . . .        c - +0 buckler
rNeg    . . .        b - +0 scale mail
rPois   .            (no helmet)
rElec   .            (no cloak)
rCorr   .            (no gloves)
SInv    .            p - +0 pair of boots
Will    .....        g - amulet of guardian spirit Stlth
                     (no ring)
HPRegen 0.27/turn    (no ring)
MPRegen 0.09/turn

%: guardian spirit
@: no status effects
A: no striking features
a: Convert to Beogh


You were on level 3 of the Dungeon.
You visited 1 branch of the dungeon, and saw 3 of its levels.

You collected 156 gold pieces.

Inventory:

Hand Weapons
 a - a +0 war axe (weapon)
Armour
 b - a +0 scale mail (worn)
 c - a +0 buckler (worn)
 p - a +0 pair of boots (worn)
Jewellery
 g - an amulet of guardian spirit (around neck)
 l - a ring of wizardry
Scrolls
 d - a scroll of immolation {unknown}
 i - a scroll of amnesia {unknown}
 j - a scroll of summoning {unknown}
 m - 3 scrolls of teleportation {unknown}
 n - a scroll of silence {unknown}
 o - 2 scrolls of revelation {unknown}
 q - 8 scrolls of identify {unknown}
Potions
 e - a potion of brilliance {unknown}
 f - a potion of ambrosia {unknown}
 h - 4 potions of curing {unknown}
 k - a potion of enlightenment {unknown}
 r - a potion of lignification {unknown}


   Skills:
 + Level 4.7 Fighting
 + Level 4.2 Axes
 + Level 4.3 Armour
 + Level 4.3 Shields


You had 4 spell levels left.
You didn't know any spells.
Your spell library contained the following spells:

 Spells                   Type           Power      Damage    Failure   Level
 Gell's Gravitas          Tloc           0%         N/A       99%         3
 Teleport Other           Tloc           0%         N/A       99%         3
 Dispersal                Tloc           0%         N/A       100%        6


Dungeon Overview and Level Annotations

Branches:
Dungeon (3/15)

Altars:


Message History

The orc priest casts a cantrip, but nothing happens.
The orc hits you with a +0 flail. The kobold closely misses you.
You slash the orc!
You kill the orc!
You slash the kobold!
You kill the kobold!
You hit the orc priest but do no damage.
The orc priest shouts, "Surrender to Beogh and we'll let you live!"
You completely miss the orc. You block the orc's attack.
The orc priest mumbles some strange prayers to Beogh against you.
You barely resist. You slash the orc priest!
The orc priest is severely wounded.
You slash the orc!
You kill the orc!
The orc priest hits you but does no damage.
You closely miss the orc priest.
The orc priest is severely wounded.
The orc priest calls down the wrath of Beogh upon you.
Beogh smites you!
The orc priest hits you but does no damage.
You are too injured to fight recklessly!
You are too injured to fight recklessly!
You hit the orc priest.
The orc priest is almost dead.
The orc priest invokes the aid of Beogh against you.
Beogh smites you!
* * * LOW HITPOINT WARNING * * *
You hit the orc priest but do no damage.
The orc priest shouts, "Beogh is our master!
Accept the truth or die!"
The orc priest is almost dead.
The orc priest calls down the wrath of Beogh upon you.
Beogh smites you!
* * * LOW HITPOINT WARNING * * *
You barely miss the orc priest.
The orc priest is severely wounded.
The orc priest begins to cast a cantrip, but forgets the words!
The orc priest invokes the aid of Beogh against you.
Beogh smites you!
You die...

#.# #.# #.# #.# ##.##
#.###...##
###########.##.....##
............#.......#
.############.......#
.# #..o))..# .#
#..@..# .# ##$..## .#
##.## .# #.# .#####
#.# .....# #.# .###.#
#.# ##
#.###########.#
.###..........##.#


You could see an orc priest.

Vanquished Creatures
  An orc wizard (D:3)
  4 gnolls (D:3)
  3 adders (D:2)
  A worm (D:3)
  2 dart slugs
  6 orcs (D:3)
  5 endoplasms
  7 giant cockroaches
  4 goblins
  4 hobgoblins
  4 jackals (D:2)
  5 kobolds
  A quokka (D:1)
  7 ball pythons
  2 bats
  A frilled lizard (D:2)
  4 rats
61 creatures vanquished.

Notes
Turn   | Place    | Note
-------+----------+-------------------------------------------
     0 | D:1      | graki42 the Hill Orc Fighter began the quest for the Orb.
     0 | D:1      | Reached XP level 1. HP: 19/19 MP: 1/1
   250 | D:1      | Reached XP level 2. HP: 25/27 MP: 2/2
   689 | D:1      | Reached XP level 3. HP: 33/33 MP: 3/3
  1198 | D:2      | Reached XP level 4. HP: 40/40 MP: 4/4
  1980 | D:3      | Reached XP level 5. HP: 47/47 MP: 5/5
  2427 | D:3      | HP: 2/47 [orc priest/divine providence (11)]
  2428 | D:3      | Killed from afar by an orc priest

Illustrated notes

Levels and vault maps discovered:
D:1:      mrwooster_arrival_arrow, layout_basic, minmay_misc_feat_four_crosses
D:2:      layout_basic, minmay_nonomino_d4
D:3:      layout_loops_ring, nemelex_dance_club_becter

Skill      XL: |  1  2  3  4 |
---------------+-------------+-----
Axes           | 3 4 |  4.2
Fighting       | 4 |  4.7
Shields        | 4 |  4.3
Armour         | 4 |  4.3

Action                     |  1- 3 |  4- 6 || total
---------------------------+-------+-------++-------
  Melee: War axe           |    75 |    67 ||   142
    Use: Potion            |       |     1 ||     1
 Armour: Scale mail        |    57 |    47 ||   104
  Dodge: Dodged            |    31 |    25 ||    56
  Block: Buckler           |    14 |    13 ||    27

Table legend: (Time is in decaauts)
 A = Elapsed time spent in this place.
 B = Non-inter-level travel time spent in this place.
 C = Inter-level travel time spent in this place.
 D = Time resting spent in this place.
 E = Time spent auto-exploring this place.
 F = Levels seen in this place.
 G = Mean time per level.
                   A        B        C        D        E       F      G
               +--------+--------+--------+--------+--------+-----+--------+
         Total |   2478 |   2371 |    107 |      0 |   1988 |   3 |  826.0 |
       Dungeon |   2478 |   2371 |    107 |      0 |   1988 |   3 |  826.0 |
               +--------+--------+--------+--------+--------+-----+--------+

Top non-repeatable levels by time:
     D:1: 1037 daAuts
     D:2: 914 daAuts
     D:3: 526 daAuts
